 Dungeon Crawl Stone Soup version 0.30-a0-760-g5a9884bb7c (webtiles) character file.

Game seed: 7972540829439942824

190 bande the Covered (level 5, -1/33 HPs)
             Began as a Gargoyle Fighter on Feb 11, 2023.
             Slain by Terence
             ... wielding a +3 trident of protection
              (8 damage)
             ... on level 3 of the Dungeon.
             The game lasted 00:02:49 (2082 turns).

bande the Covered (Gargoyle Fighter)                Turns: 2082, Time: 00:02:50

Health: -1/33      AC: 11    Str: 20    XL:     5   Next: 69%
Magic:  5/5        EV:  9    Int:  8    God:
Gold:   116        SH:  4    Dex: 11    Spells: 4/4 levels left

rFire   . . .      SeeInvis .    a - +0 war axe
rCold   . . .      Faith    .    c - +0 buckler
rNeg    + . .      Spirit   .    b - +0 scale mail
rPois   ∞          Reflect  .    (no helmet)
rElec   +          Harm     .    (no cloak)
rCorr   .          Rampage  .    (no gloves)
Will    .....                    (no boots) Stlth
                                 m - amulet of regeneration
HPRegen 1.05/turn                (no ring)
MPRegen 0.09/turn                (no ring)

@: no status effects
A: sickness immunity, AC +4, negative energy resistance 1, electricity
resistance, torment resistance 1, petrification resistance
a: no special abilities


You were on level 3 of the Dungeon.
You visited 1 branch of the dungeon, and saw 3 of its levels.

You collected 116 gold pieces.

Inventory:

Hand Weapons
 a - a +0 war axe (weapon)
Armour
 b - a +0 scale mail (worn)
 c - a +0 buckler (worn)
Jewellery
 j - an amulet of faith
 m - an amulet of regeneration (around neck)
Scrolls
 f - a scroll of identify {unknown}
 g - a scroll of immolation {unknown}
 i - a scroll of amnesia {unknown}
 k - a scroll of torment {unknown}
 l - a scroll of fog {unknown}
 n - 2 scrolls of teleportation {unknown}
Potions
 d - a potion of might
 e - a potion of degeneration {unknown}
 h - 2 potions of heal wounds {unknown}
 o - a potion of cancellation {unknown}
 p - 2 potions of resistance {unknown}


   Skills:
 + Level 4.2 Fighting
 + Level 3.6 Axes
 + Level 4.3 Armour
 - Level 0.1 Dodging
 + Level 3.9 Shields


You had 4 spell levels left.
You didn't know any spells.
Your spell library was empty.

Dungeon Overview and Level Annotations

Branches:
Dungeon (3/15)

Altars:
Gozag

Annotations:
D:3 Terence


Innate Abilities, Weirdness & Mutations

You are immune to sickness and miasma.
Your stone body is resilient. (AC +4)
You are immune to poison.
You resist negative energy. (rN+)
You are resistant to electric shocks. (rElec)
You are resistant to unholy torment.
You are immune to petrification.


Message History

You barely miss Terence.
Terence hits you with a +3 trident of protection. x2
You hit Terence.
Terence is moderately wounded.
Terence hits you but does no damage.
You slash Terence!
Terence is severely wounded.
Terence hits you with a +3 trident of protection.
You barely miss Terence.
Terence is severely wounded.
Terence hits you with a +3 trident of protection.
Terence barely misses you.
You completely miss Terence.
Terence is severely wounded.
Terence barely misses you.
You hit Terence but do no damage.
Terence is severely wounded.
Terence hits you with a +3 trident of protection!
You hit Terence.
Terence is almost dead.
Terence hits you with a +3 trident of protection! x2
* * * LOW HITPOINT WARNING * * *
You are too injured to fight recklessly!
You are too injured to fight recklessly!
You are too injured to fight recklessly!
You are too injured to fight recklessly!
You are too injured to fight recklessly!
You are too injured to fight recklessly!
You hit Terence but do no damage.
Terence is almost dead.
Terence hits you with a +3 trident of protection.
* * * LOW HITPOINT WARNING * * *
You hit Terence.
Terence is almost dead.
Terence barely misses you.
You hit Terence but do no damage.
Terence is almost dead.
Terence hits you but does no damage.
Terence hits you with a +3 trident of protection!
You die...

#..≈.#####.≈.#.#
#..........≈.#.#
#..≈≈≈≈≈≈≈≈≈.#.#
#............#.#
#.##..########.#
#.###.# #.###
#.# #.# #...#
#.#
#.##########.#
#.#
#.....@@.....#
#.#
##############
#.# #.#


You could see Terence.

Vanquished Creatures
  A phantom (D:3)
  3 gnolls (D:2)
  3 adders
  3 dart slugs
  6 ball pythons
  2 endoplasms (D:2)
  A giant cockroach (D:1)
  5 hobgoblins
  8 kobolds
  2 quokkas
  3 bats
  5 frilled lizards
  8 goblins
  5 rats
55 creatures vanquished.

Notes
Turn   | Place    | Note
-------+----------+-------------------------------------------
     0 | D:1      | bande the Gargoyle Fighter began the quest for the Orb.
     0 | D:1      | Reached XP level 1. HP: 14/14 MP: 1/1
    63 | D:1      | Reached XP level 2. HP: 6/19 MP: 2/2
   437 | D:1      | Reached XP level 3. HP: 24/24 MP: 3/3
  1092 | D:2      | Reached XP level 4. HP: 4/29 MP: 4/4
  1465 | D:2      | Found a faded altar of an unknown god.
  1857 | D:3      | Noticed a phantom
  1877 | D:3      | Killed a phantom
  1878 | D:3      | Reached XP level 5. HP: 33/33 MP: 5/5
  1980 | D:3      | Found an opulent altar of Gozag.
  2067 | D:3      | Noticed Terence
  2082 | D:3      | Slain by Terence

Illustrated notes

Levels and vault maps discovered:
D:1:      shiori_arrival_elements, layout_loops_ring
D:2:      layout_loops_corners, ebering_ecumenical_altar_abandoned
D:3:      layout_basic, mainiacjoe_overflow_brackets, zin_treasury,
          kennysheep_generic_room_2, uniq_terence

Skill      XL: |  1  2  3  4 |
---------------+-------------+-----
Axes           | 2 3 |  3.6
Armour         | 4 |  4.3
Fighting       | 4 |  4.2
Dodging        | |  0.1
Shields        | |  3.9

Action                     |  1- 3 |  4- 6 || total
---------------------------+-------+-------++-------
  Melee: War axe           |    88 |   108 ||   196
 Armour: Scale mail        |    60 |    58 ||   118
  Dodge: Dodged            |    54 |    45 ||    99
  Block: Buckler           |    22 |    21 ||    43

Table legend: (Time is in decaauts)
 A = Elapsed time spent in this place.
 B = Non-inter-level travel time spent in this place.
 C = Inter-level travel time spent in this place.
 D = Time resting spent in this place.
 E = Time spent auto-exploring this place.
 F = Levels seen in this place.
 G = Mean time per level.
                   A        B        C        D        E       F      G
               +--------+--------+--------+--------+--------+-----+--------+
         Total |   2162 |   2055 |    107 |    278 |   1322 |   3 |  720.7 |
       Dungeon |   2162 |   2055 |    107 |    278 |   1322 |   3 |  720.7 |
               +--------+--------+--------+--------+--------+-----+--------+

Top non-repeatable levels by time:
     D:1: 1022 daAuts
     D:2: 898 daAuts
     D:3: 241 daAuts
